 Dungeon Crawl Stone Soup version 0.29.1-13-g9f3cf754e1 (webtiles) character file.

Game seed: 7043563998835592971

72 Thatpatchoflichen the Shooter (level 3, 0/30 HPs)
             Began as a Demigod Hunter on Feb 1, 2023.
             Slain by Natasha (3 damage)
             ... on level 3 of the Dungeon.
             The game lasted 00:05:15 (1772 turns).

Thatpatchoflichen the Shooter (Demigod Hunter)      Turns: 1772, Time: 00:05:16

Health: 0/30       AC:  3    Str: 12    XL:     3   Next: 80%
Magic:  5/5        EV: 13    Int: 11    God:
Gold:   140        SH:  0    Dex: 21    Spells: 2/2 levels left

rFire   . . .      SeeInvis .   a - +0 shortbow
rCold   . . .      Faith    .   (shield currently unavailable)
rNeg    . . .      Spirit   .   c - +0 leather armour
rPois   .          Reflect  .   (no helmet)
rElec   .          Harm     .   (no cloak)
rCorr   .          Rampage  .   (no gloves)
Will    .....                   (no boots)
Stlth   ++........              (no amulet)
HPRegen 0.10/turn               (no ring)
MPRegen 0.09/turn               (no ring)

@: slowed, very slow
A: high MP 1, forlorn, divine attributes
a: no special abilities


You were on level 3 of the Dungeon.
You visited 1 branch of the dungeon, and saw 4 of its levels.

You collected 140 gold pieces.

Inventory:

Hand Weapons
 a - a +0 shortbow (weapon)
 u - the +3 rapier "Orb Guardian's Curse" {holy, rPois rF+ Str+6}
   (You found it on level 3 of the Dungeon)

   It has been blessed by the Shining One to cause great damage to the undead
   and demons.
   Str:       It affects your strength (+6).
   rF:        It protects you from fire.
   rPois:     It protects you from poison.
Missiles
 p - a throwing net
 r - 2 atropa-tipped darts (quivered)
Armour
 c - a +0 leather armour (worn)
 n - a +0 plate armour
Scrolls
 b - a scroll of immolation
 e - a scroll of enchant armour {unknown}
 f - 4 scrolls of identify {unknown}
 j - a scroll of vulnerability {unknown}
 l - a scroll of amnesia {unknown}
 o - a scroll of noise {unknown}
 s - a scroll of poison {unknown}
Potions
 d - a potion of might {unknown}
 g - a potion of attraction {unknown}
 h - 2 potions of heal wounds {unknown}
 i - a potion of brilliance {unknown}
 k - a potion of berserk rage {unknown}
 m - a potion of cancellation {unknown}
 q - 2 potions of mutation {unknown}
 t - 2 potions of curing {unknown}


   Skills:
 + Level 2.5 Fighting
 + Level 4.1 Ranged Weapons
 * Level 2.9 Dodging
 - Level 1.0 Stealth


You had 2 spell levels left.
You didn't know any spells.
Your spell library contained the following spells:

 Spells                   Type           Power      Damage    Failure   Level
 Sandblast                Erth           0%         2d4       41%         1
 Passwall                 Tmut/Erth      0%         N/A       56%         2
 Stone Arrow              Conj/Erth      0%         3d7       80%         3


Dungeon Overview and Level Annotations

Branches:
Dungeon (4/15)
 Temple: D:4-7

Annotations:
D:2 Sigmund
D:3 2 runed translucent doors, Natasha; booth's ghost, amateur GnWn


Innate Abilities, Weirdness & Mutations

You have an increased reservoir of magic. (+10% MP)
You shall have no god before yourself.
Your divine heritage dramatically boosts your attributes as you level up.


Message History

The magic dart hits you!
Fire: a) +0 shortbow
Press: ? - help, Q - select action, (/) - cycle Shift-Dir - straight line, f/p - Natasha
Aim: Natasha (moderately wounded, 59% to hit)
You shoot an arrow. The arrow misses Natasha.
Natasha stares at you and mumbles some strange words.
You feel yourself slow down. Natasha claws you.
* * * LOW HITPOINT WARNING * * *
Fire: a) +0 shortbow
Press: ? - help, Q - select action, (/) - cycle Shift-Dir - straight line, f/p - Natasha
Aim: Natasha (moderately wounded, 59% to hit)
You shoot an arrow. The arrow hits Natasha.
Natasha is heavily wounded.
Natasha claws you.
* * * LOW HITPOINT WARNING * * *
Natasha claws you.
* * * LOW HITPOINT WARNING * * *
Throw: 5 darts (atropa)
Press: ? - help, Q - select action, (/) - cycle Shift-Dir - straight line, f/p - Natasha
Aim: Natasha (heavily wounded, 56% to hit, chance to blind on hit: 75%)
You throw an atropa-tipped dart. The atropa-tipped dart hits Natasha.
Natasha appears confused.
Natasha is heavily wounded.
Throw: 4 darts (atropa)
Press: ? - help, Q - select action, (/) - cycle Shift-Dir - straight line, f/p - Natasha
Aim: Natasha (heavily wounded, confused, blind, 77% to hit, chance to blind on hit: 75%)
You throw an atropa-tipped dart. The atropa-tipped dart hits Natasha.
Natasha appears confused.
Natasha is heavily wounded.
Natasha seems less confused.
Natasha casts a spell at you. You resist with some effort.
Throw: 3 darts (atropa)
Press: ? - help, Q - select action, (/) - cycle Shift-Dir - straight line, f/p - Natasha
Aim: Natasha (heavily wounded, blind, 56% to hit, chance to blind on hit: 75%)
You throw an atropa-tipped dart. The atropa-tipped dart hits Natasha.
Natasha resists.
Natasha is heavily wounded.
Natasha claws you.
You die...

.......# #.# ##~.#.⌠.≈#
.......# #.# #...≈.#≈#
....#..# #.# #.#≈.[≈≈##
....##.# #.# ###.#.###
....##.## #.# #####
....##..###.#
....##...##.# #####
######.#.##.###### #....
#.#.##...(h@# #.###
######[#..########.# #..
.....))............# #.#
.#####.###...###########
#.#.# .#
#.................#
#.#.# .#
######.......### #.#.#
.# #.....#.†.# #.#.# .#
#.....###.## #.#.# .#
#.....# #..########.#..


You could see Natasha (blind).

Vanquished Creatures
  An orc wizard (D:3)
  An adder (D:3)
  2 dart slugs (D:2)
  2 orcs (D:3)
  A ball python (D:1)
  2 endoplasms (D:1)
  2 giant cockroaches (D:1)
  2 goblins
  3 hobgoblins (D:3)
  6 kobolds
  4 quokkas
  2 bats
  A frilled lizard (D:1)
  A rat (D:1)
30 creatures vanquished.

Notes
Turn   | Place    | Note
-------+----------+-------------------------------------------
     0 | D:1      | Thatpatchoflichen the Demigod Hunter began the quest for
                  | the Orb.
     0 | D:1      | Reached XP level 1. HP: 17/17 MP: 3/3
    67 | D:1      | Reached skill level 1 in Stealth
   282 | D:2      | Reached XP level 2. HP: 16/24 MP: 4/4
   801 | D:2      | Noticed Sigmund
   960 | D:3      | Reached XP level 3. HP: 30/30 MP: 5/5
  1251 | D:3      | Identified the +10 hand axe of the Pits of Slime {vorpal,
                  | Will+}
  1423 | D:3      | Reached skill level 4 in Ranged Weapons
  1669 | D:3      | Found a large runed translucent door.
  1669 | D:3      | Found a large runed translucent door.
  1674 | D:3      | Noticed booth's ghost (amateur GnWn)
  1676 | D:3      | Identified the +3 rapier "Orb Guardian's Curse" {holy,
                  | rPois rF+ Str+6}
  1757 | D:2      | Noticed Natasha
  1772 | D:3      | Slain by Natasha

Illustrated notes

Levels and vault maps discovered:
D:1:      amcnicky_arrival_flooded_fountain, layout_basic,
          shapermc_ecumenical_altar_mp_vishouse, corexii_leaking_fountain
D:2:      layout_basic, uniq_natasha, uniq_sigmund
D:3:      layout_basic, ebering_ghost_disaster_area
D:4:      layout_basic, uniq_blork_the_orc

Skill      XL: |  1  2  3 |
---------------+----------+-----
Stealth        | 1 |  1.0
Dodging        | 2 |  2.9
Fighting       | 2 |  2.5
Ranged Weapons | 4 |  4.1

Action                   || total
-------------------------++-------
 Fire: Shortbow          ||    90
Throw: Dart              ||     3
Armor: Leather armour    ||     5
Dodge: Dodged            ||    21
